 Dungeon Crawl Stone Soup version 0.29-a0-700-g2f1814c7b2 (webtiles) character file.

Game seed: 14352838903969643722

20853 CollectiveS the Frost Mage (level 12, -3/74 HPs)
             Began as a Merfolk Ice Elementalist on June 24, 2022.
             Was a Priest of Vehumet.
             Slain by a white ugly thing (11 damage)
             ... on level 14 of the Dungeon on June 25, 2022.
             The game lasted 01:17:06 (19535 turns).

CollectiveS the Frost Mage (MfIE)                  Turns: 19535, Time: 01:17:06

Health: -3/74      AC:  7    Str:  9    XL:     12   Next: 83%
Magic:  13/26      EV: 13    Int: 25    God:    Vehumet [***...]
Gold:   407        SH:  0    Dex: 17    Spells: 16/31 levels left

rFire   x . .      SeeInvis +   x - +5 mace of Accidental Termination {vorpal, Contam rElec Dex+3 SInv}
rCold   + . .      Faith    .   (no shield)
rNeg    . . .      Spirit   .   a - +0 robe
rPois   .          Reflect  .   k - +2 helmet
rElec   +          Harm     .   G - +0 cloak
rCorr   .          Rampage  .   (no gloves)
Will    .....                   D - +0 pair of boots
Stlth   ++........              (no amulet)
HPRegen 0.22/turn               K - +6 ring of intelligence
MPRegen 0.20/turn               v - ring of ice

@: invisible (expiring)
A: (nimble swimmer 2), mertail
a: Renounce Religion


You were on level 14 of the Dungeon.
You worshipped Vehumet.
Vehumet was most pleased with you.
You visited 2 branches of the dungeon, and saw 15 of its levels.

You collected 737 gold pieces.
You spent 330 gold pieces at shops.

Inventory:

Hand Weapons
 o - the +5 hand axe of the Mosquito {freeze, rF+ Str+5}
   (You took it off a kobold on level 3 of the Dungeon)

   It freezes those it strikes, dealing additional cold damage.
   It can also slow down cold-blooded creatures.
   Str:       It affects your strength (+5).
   rF:        It protects you from fire.
 x - the +5 mace of Accidental Termination (weapon) {vorpal, Contam rElec Dex+3 SInv}
   (You found it on level 6 of the Dungeon)

   It inflicts extra damage upon your enemies.
   Dex:       It affects your dexterity (+3).
   rElec:     It insulates you from electricity.
   SInv:      It lets you see invisible.
   Contam:    It causes magical contamination when unequipped.
Armour
 a - a +0 robe (worn)
 k - a +2 helmet (worn)
 D - a +0 pair of boots (worn)
 G - a +0 cloak (worn)
Jewellery
 p - a ring of poison resistance
 v - a ring of ice (right hand)
 E - a ring of resist corrosion
 F - a ring of wizardry
 K - a +6 ring of intelligence (left hand)
Wands
 i - a wand of iceblast (6)
 z - a wand of flame (20)
 H - a wand of paralysis (12)
 I - a wand of light (10)
Scrolls
 c - 3 scrolls of poison
 d - 2 scrolls of enchant weapon {unknown}
 l - 2 scrolls of enchant armour {unknown}
 q - a scroll of magic mapping {unknown}
 s - 3 scrolls of teleportation
 t - 2 scrolls of amnesia
 u - a scroll of blinking
 y - 2 scrolls of fear
 A - a scroll of summoning
 C - 2 scrolls of vulnerability
 J - a scroll of silence
 M - a scroll of fog {unknown}
Potions
 b - 3 potions of magic
 e - 4 potions of mutation
 f - 2 potions of attraction
 g - a potion of lignification
 h - 3 potions of brilliance
 j - a potion of resistance
 m - 6 potions of curing
 n - a potion of cancellation
 r - a potion of ambrosia
 w - 2 potions of flight
 L - a potion of invisibility
 N - a potion of berserk rage {unknown}
Miscellaneous
 O - a tin of tremorstones (2/2)


   Skills:
 - Level 2.8 Dodging
 - Level 2.3 Stealth
 - Level 10.0 Spellcasting
 - Level 10.0 Conjurations
 - Level 10.0 Ice Magic
 * Level 9.6 Earth Magic


You had 16 spell levels left.
You knew the following spells:

 Your Spells              Type           Power      Damage    Failure   Level
a - Freeze                Ice            100%       1d11      1%          1
b - Ozocubu's Armour      Ice            76%        N/A       1%          3
c - Frozen Ramparts       Ice            100%       1d12      1%          3
d - Sandblast             Erth           100%       2d20      1%          1
e - Hailstorm             Conj/Ice       76%        3d16      1%          4
f - Stone Arrow           Conj/Erth      100%       3d13      1%          3

Your spell library contained the following spells:

 Spells                   Type           Power      Damage    Failure   Level
 Cause Fear               Hex            6%         N/A       43%         4
 Dragon Form              Tmut           6%         N/A       100%        7
 Dragon's Call            Summ           6%         N/A       100%        9


Dungeon Overview and Level Annotations

Branches:
Dungeon (14/15)            Temple (1/1) D:4            Lair (0/6) D:8
    Orc (0/2) D:10
 Vaults: D:13-14

Altars:
Ashenzari
Cheibriados
Dithmenos
Elyvilon
Fedhas
Gozag
Hepliaklqana
Kikubaaqudgha
Makhleb
Nemelex Xobeh
Okawaru
Qazlal
Ru
Sif Muna
Trog
Uskayaw
Vehumet
Wu Jian
Xom
Yredelemnul
Zin
The Shining One

Shops:
D:4 ?=   D:6 !   D:9 [

Annotations:
D:11 2 transporters, kMk's ghost, journeyman OgFE
D:12 Urug
D:13 exclusion: 2 vault guards, Sonja


Innate Abilities, Weirdness & Mutations

((You are very nimble when in or above water. (Stealth+, EV+, Speed+++)))
Your lower body shifts to a powerful aquatic tail in water.


Message History

Your icy armour cracks and falls away as you move.
The frozen ramparts melt away as you move.
There is an open door here.
You see here a +0 shortbow.
A white ugly thing comes into view.
There is an open door here.
A white ugly thing comes into view.
A white ugly thing comes into view. x2
The white ugly thing basks in the mutagenic energy from its kin and changes!
A white ugly thing comes into view.
There is an open door here.
The white ugly thing basks in the mutagenic energy from its kin and changes!
The sentinel's mark upon you fades away.
The white ugly thing gores you! The white ugly thing freezes you! You resist.
* * * LOW HITPOINT WARNING * * *
Okay, then.
Okay, then.
Okay, then.
Unknown command.
You feel much better.
You flicker for a moment.
The purple ugly thing bites you!
* * * LOW HITPOINT WARNING * * *
The white ugly thing gores you but does no damage.
As you read the scroll of summoning, it crumbles to dust.
Wisps of shadow whirl around you... The purple ugly thing bites you.
* * * LOW HITPOINT WARNING * * *
The white ugly thing barely misses you.
Unknown command.
Unknown command.
You swap places. 2 slime creatures come into view.
The slime creature quivers.
The white ugly thing basks in the mutagenic energy from its kin and changes!
A white ugly thing comes into view.
The purple ugly thing barely misses your manticore.
The white ugly thing gores you!
* * * LOW HITPOINT WARNING * * *
The white ugly thing freezes you! You resist.
You die...

#######################
.........R..uu..........
#...#H..u....u..........
.......Hu.....u.........
########@########'#######
#.J......##....u.....#
#J############.####.## ##
#.####.......#.####.####.
#....'.......#.........#.
#....#....##.#.....u...#.
#.####.#.....'.........#.
#.#..........#######u###.
#.#.#....................


You could see 6 ugly things, 2 slime creatures, 2 friendly manticores and a
friendly efreet (summoned).

Vanquished Creatures
  Snorg (D:10)
  Josephine (D:12)
  A boulder beetle (D:10)
  4 two-headed ogres
  A centaur warrior (D:14)
  2 tengu warriors (D:13)
  Pikel (D:6)
  4 cyclopes
  4 manticores
  4 unseen horrors
  A kobold demonologist (D:10)
  A komodo dragon (D:10)
  A freezing wraith (D:13)
  6 trolls
  Sigmund (D:5)
  2 shadows
  18 yaks
  4 wraiths (D:12)
  Eustachio (D:4)
  3 vampire mosquitoes (D:11)
  4 acid dragons
  Pargi (D:4)
  4 orc warriors
  2 black bears
  5 ogres
  5 centaurs
  2 lemures (D:6)
  A phantom (D:4)
  A kobold brigand (D:6)
  2 gnoll sergeants (D:9)
  7 bullfrogs
  A necrophage (D:8)
  3 scorpions
  8 wights
  4 killer bees (D:9)
  2 howler monkeys
  5 orc priests
  6 hounds
  A jelly (D:5)
  8 orc wizards
  10 gnolls
  4 adders
  2 white imps (D:6)
  A worm (D:3)
  4 dart slugs
  35 orcs
  7 endoplasms
  2 giant cockroaches
  5 goblins
  6 hobgoblins
  4 jackals (D:2)
  11 kobolds
  3 quokkas (D:3)
  6 ball pythons
  8 bats
  4 frilled lizards
  5 rats
250 creatures vanquished.

Vanquished Creatures (others)
  11 fungi (D:8)
  14 plants (D:8)
25 creatures vanquished.

Grand Total: 275 creatures vanquished

Notes
Turn   | Place    | Note
-------+----------+-------------------------------------------
     0 | D:1      | CollectiveS the Merfolk Ice Elementalist began the quest
                  | for the Orb.
     0 | D:1      | Reached XP level 1. HP: 13/13 MP: 3/3
   233 | D:1      | Reached XP level 2. HP: 19/19 MP: 3/5
   723 | D:1      | Reached skill level 5 in Ice Magic
   794 | D:1      | Reached XP level 3. HP: 24/24 MP: 4/6
   908 | D:1      | Found a faded altar of an unknown god.
  1452 | D:2      | You fall into a shaft and drop 2 floors!
  1453 | D:4      | Found a staircase to the Ecumenical Temple.
  1463 | Temple   | Entered the Ecumenical Temple
  1719 | Temple   | Became a worshipper of Vehumet
  1826 | D:4      | Learned a level 3 spell: Ozocubu's Armour
  1833 | D:4      | Learned a level 3 spell: Frozen Ramparts
  2179 | D:3      | Noticed an ogre
  2203 | D:3      | Killed an ogre
  2204 | D:3      | Reached XP level 4. HP: 11/30 MP: 1/8
  2204 | D:3      | Reached XP level 5. HP: 13/35 MP: 1/9
  2499 | D:3      | Identified the +5 hand axe of the Mosquito {freeze, rF+
                  | Str+5}
  3435 | D:3      | Reached * piety under Vehumet
  3435 | D:3      | Offered knowledge of Sandblast by Vehumet.
  3675 | D:4      | Found Nilakapt's Magic Scroll Emporium.
  3679 | D:4      | Bought a scroll of identify for 26 gold pieces
  3679 | D:4      | Bought a scroll of noise for 13 gold pieces
  3733 | D:4      | Noticed a phantom
  4051 | D:4      | Learned a level 1 spell: Sandblast
  4059 | D:4      | Noticed Eustachio
  4068 | D:4      | Killed a phantom
  4069 | D:4      | Reached XP level 6. HP: 37/41 MP: 4/11
  4099 | D:4      | Killed Eustachio
  4100 | D:4      | Reached XP level 7. HP: 44/46 MP: 0/13
  4410 | D:4      | Found Wuly's Jewellery Boutique.
  4669 | D:4      | Noticed Pargi
  4696 | D:4      | Killed Pargi
  4771 | D:5      | Entered Level 5 of the Dungeon
  5032 | D:5      | Learned a level 4 spell: Hailstorm
  5219 | D:5      | Found an ornate altar of the Wu Jian Council.
  5299 | D:5      | Offered knowledge of Shock by Vehumet.
  5300 | D:5      | Reached XP level 8. HP: 39/52 MP: 11/15
  5516 | D:5      | Reached skill level 1 in Conjurations
  5600 | D:5      | Found a burning altar of Makhleb.
  5601 | D:5      | Found a glowing golden altar of the Shining One.
  5632 | D:5      | Reached skill level 5 in Spellcasting
  5764 | D:5      | Noticed Sigmund
  5827 | D:5      | Killed Sigmund
  6170 | D:6      | Reached skill level 10 in Ice Magic
  6247 | D:6      | Identified the +5 mace of Accidental Termination {vorpal,
                  | Contam rElec Dex+3 SInv}
  6272 | D:6      | Reached ** piety under Vehumet
  6350 | D:6      | Reached skill level 1 in Earth Magic
  6625 | D:6      | Reached XP level 9. HP: 57/57 MP: 12/16
  6678 | D:6      | Found Riheti's Distillery.
  7018 | D:6      | Noticed Pikel
  7024 | D:6      | Killed Pikel
  7025 | D:6      | Reached skill level 5 in Conjurations
  8101 | D:7      | Found a glowing silver altar of Zin.
  8898 | D:8      | Found a sacrificial altar of Ru.
  9254 | D:8      | Noticed a manticore
  9260 | D:8      | Killed a manticore
  9260 | D:8      | Offered knowledge of Static Discharge by Vehumet.
  9261 | D:8      | Reached XP level 10. HP: 41/63 MP: 2/17
 10013 | D:8      | Found a staircase to the Lair.
 10131 | D:9      | Found an iron altar of Okawaru.
 10257 | D:9      | Paralysed by a wight for 2 turns
 10426 | D:9      | Noticed a two-headed ogre
 10881 | D:9      | Reached skill level 5 in Earth Magic
 10943 | D:9      | Reached *** piety under Vehumet
 11245 | D:4      | Bought a scroll of blinking for 97 gold pieces
 11245 | D:4      | Bought a scroll of vulnerability for 97 gold pieces
 11245 | D:4      | Bought a scroll of silence for 97 gold pieces
 11245 | D:4      | Upgraded the game from 0.29-a0-676-ga64570c9d2 to
                  | 0.29-a0-700-g2f1814c7b2
 11560 | D:9      | Found a broken altar of Ashenzari.
 11757 | D:9      | Found Emin's Armour Shop.
 11785 | D:9      | Killed a two-headed ogre
 12258 | D:10     | Entered Level 10 of the Dungeon
 12390 | D:10     | Noticed a kobold demonologist
 12415 | D:10     | Killed a kobold demonologist
 12499 | D:10     | Noticed Snorg
 12886 | D:10     | Reached XP level 11. HP: 61/68 MP: 11/18
 12920 | D:10     | Reached skill level 10 in Conjurations
 13063 | D:10     | Killed Snorg
 13737 | D:10     | Found a staircase to the Orcish Mines.
 13761 | D:10     | Identified the +6 short sword of Circular Logic {vorpal,
                  | rC+ Dex+4}
 13830 | D:10     | Noticed a boulder beetle
 13837 | D:10     | Killed a boulder beetle
 14148 | D:11     | Noticed a boulder beetle
 14148 | D:11     | Noticed a seven-headed hydra
 14198 | D:11     | Noticed a skeletal warrior
 14198 | D:11     | Noticed a skeletal warrior
 14198 | D:11     | Noticed a skeletal warrior
 14260 | D:11     | Identified the +4 falchion of Zerob {vorpal, rPois rF+
                  | Dex-5}
 14561 | D:11     | Noticed kMk's ghost (journeyman OgFE)
 14574 | D:11     | Found a transporter.
 14576 | D:11     | Found a transporter.
 14610 | D:11     | Noticed a cyan ugly thing
 15194 | D:11     | Offered knowledge of Stone Arrow by Vehumet.
 15480 | D:12     | Noticed Urug
 15526 | D:11     | Learned a level 3 spell: Stone Arrow
 15673 | D:12     | Noticed a two-headed ogre
 15731 | D:12     | Killed a two-headed ogre
 16069 | D:12     | Noticed a cyclops
 16184 | D:12     | Noticed a cyclops
 16212 | D:12     | Noticed a cyclops
 16222 | D:12     | Killed a cyclops
 16224 | D:12     | Killed a cyclops
 16537 | D:12     | Reached XP level 12. HP: 70/74 MP: 18/25
 17260 | D:12     | Noticed Josephine
 17418 | D:12     | Killed Josephine
 17638 | D:13     | Noticed a two-headed ogre
 17640 | D:13     | Killed a two-headed ogre
 17641 | D:13     | Reached skill level 10 in Spellcasting
 18324 | D:13     | Noticed Sonja
 18459 | D:13     | Reached **** piety under Vehumet
 18520 | D:13     | Noticed a tengu warrior
 18522 | D:13     | Noticed a tengu warrior
 18529 | D:13     | Killed a tengu warrior
 18529 | D:13     | Killed a tengu warrior
 18764 | D:13     | Noticed a vault guard
 18764 | D:13     | Noticed a vault guard
 19266 | D:13     | Noticed a vault guard
 19266 | D:13     | Noticed a vault guard
 19337 | D:14     | Noticed a two-headed ogre
 19348 | D:14     | Killed a two-headed ogre
 19444 | D:14     | Noticed a centaur warrior
 19510 | D:14     | Killed a centaur warrior
 19535 | D:14     | Slain by a white ugly thing

Illustrated notes

Levels and vault maps discovered:
D:1:      mainiacjoe_arrival_reflecting_pool, layout_rooms, serial_rivers,
          chequers_serial_rivers_room_b, chequers_serial_rivers_large_a,
          chequers_serial_rivers_micro_b, chequers_serial_rivers_micro_d,
          chequers_serial_rivers_large_b,
          hellmonk_ecumenical_altar_prayer_group, minmay_box_of_dots
D:2:      layout_loops_ring
D:3:      layout_loops_ring
D:4:      layout_gridville, minmay_temple_entry_drinking_statues, serial_shops,
          shop, nicolae_shop_advertising_works [nicolae_subvault_shop_adworks],
          kennysheep_small_spiral, grunt_decor_mini_mirrors, minmay_liquid_box,
          uniq_eustachio, uniq_pargi
D:5:      layout_basic, chequers_temple_overflow_statue_of_worship,
          overflow_temple_1_default, chequers_serial_rivers_marsh,
          chequers_serial_rivers_micro_b, serial_bayou_ford_a,
          grunt_ministairs_3, hex_intersection, uniq_sigmund
D:6:      layout_basic, serial_shops, nicolae_shop_competitors_out_of_business,
          minmay_statues_item, serial_bayou_pond_d, uniq_pikel
D:7:      layout_gridville, mainiacjoe_overflow_brackets,
          eino_small_chamber_without_monster
D:8:      layout_gridville, nicolae_ru_awakened_eye,
          grunt_lair_entry_orc_guard_hut
D:9:      layout_gridville, evilmike_ruin_ashenzari, okawaru_gym_becter,
          serial_shops, shop
D:10:     layout_stronghold, orc_0_dummy, minmay_tree_intersection,
          minmay_misc_feat_diagonals, nzn_sisyphean_effort, uniq_snorg
D:11:     layout_roguey, gammafunk_ghost_hive
D:12:     layout_basic, uniq_josephine, uniq_urug
D:13:     layout_loops_ring, erik_vaults_2, uniq_sonja
D:14:     layout_stronghold, gammafunk_ghost_icy
Temple:   regret_index_temple_generic_petals

Skill      XL: |  1  2  3  4  5  6  7  8  9 10 11 12 |
---------------+-------------------------------------+-----
Ice Magic      | 5 6 7 8 10 | 10.0
Spellcasting   | 3 4 5 9 10 | 10.0
Conjurations   | 4 7 9 10 | 10.0
Earth Magic    | 2 4 5 9 |  9.6
Dodging        | |  2.8
Stealth        | |  2.3

Action                   |  1- 3 |  4- 6 |  7- 9 | 10-12 || total
-------------------------+-------+-------+-------+-------++-------
Melee: Unarmed           |     6 |       |       |       ||     6
       Short sword       |    15 |       |       |       ||    15
       Hand axe          |       |    69 |    87 |    42 ||   198
       Punch             |       |       |     1 |       ||     1
       Tailslap          |       |       |       |     1 ||     1
       Mace              |       |       |       |    22 ||    22
 Cast: Freeze            |    67 |     6 |    12 |    45 ||   130
       Ozocubu's Armour  |     1 |     2 |    12 |    26 ||    41
       Frozen Ramparts   |       |     8 |    36 |    55 ||    99
       Sandblast         |       |       |     5 |     5 ||    10
       Hailstorm         |       |       |     9 |    40 ||    49
       Stone Arrow       |       |       |       |    60 ||    60
Evoke: Wand              |       |       |     1 |     7 ||     8
  Use: Potion            |     1 |       |     4 |     7 ||    12
       Scroll            |       |     4 |     6 |     9 ||    19
 Stab: Sleeping          |     2 |     2 |     1 |       ||     5
Armor: Robe              |     6 |    36 |    33 |    66 ||   141
       Skin              |     4 |       |       |    17 ||    21
Dodge: Dodged            |    34 |    51 |    83 |   111 ||   279

Table legend: (Time is in decaauts)
 A = Elapsed time spent in this place.
 B = Non-inter-level travel time spent in this place.
 C = Inter-level travel time spent in this place.
 D = Time resting spent in this place.
 E = Time spent auto-exploring this place.
 F = Levels seen in this place.
 G = Mean time per level.
                   A        B        C        D        E       F      G
               +--------+--------+--------+--------+--------+-----+--------+
         Total |  19523 |  16225 |   3298 |   4297 |   6934 |  15 | 1301.5 |
       Dungeon |  19228 |  16026 |   3202 |   4297 |   6747 |  14 | 1373.4 |
        Temple |    294 |    198 |     96 |      0 |    187 |   1 |  294.0 |
               +--------+--------+--------+--------+--------+-----+--------+

Top non-repeatable levels by time:
    D:12: 2349 daAuts
     D:7: 1825 daAuts
     D:9: 1726 daAuts
     D:8: 1686 daAuts
    D:10: 1620 daAuts
     D:5: 1485 daAuts
    D:13: 1473 daAuts
     D:3: 1381 daAuts
     D:4: 1351 daAuts
    D:11: 1309 daAuts
     D:1: 1058 daAuts
     D:6: 986 daAuts
     D:2: 764 daAuts
  Temple: 294 daAuts
    D:14: 210 daAuts
